 Dungeon Crawl Stone Soup version 0.31-a0-150-g89dc3ad700 (webtiles) character file.

Game seed: 4206102267310507392

231 qw the Shooter (level 5, -5/47 HPs)
             Began as a Minotaur Hunter on June 8, 2023.
             Slain by a gnoll
             ... wielding a +0 spear
             ... led by a gnoll bouda
              (6 damage)
             ... on level 4 of the Dungeon.
             The game lasted 00:01:01 (2809 turns).

qw the Shooter (Minotaur Hunter)                    Turns: 2809, Time: 00:01:02

Health: -5/47      AC:  6    Str: 15    XL:     5   Next: 72%
Magic:  4/4        EV: 16    Int:  6    God:
Gold:   21         SH:  0    Dex: 16    Spells: 4/4 levels left

rFire   . . .        Y - +0 shortbow (heavy)
rCold   . . .        (shield currently unavailable)
rNeg    . . .        i - +0 ring mail
rPois   .            (helmet restricted)
rElec   .            e - +0 cloak
rCorr   .            (no gloves)
SInv    .            (no boots)
Will    .....        k - amulet of the acrobat
Stlth   +            j - +5 ring of evasion
HPRegen 0.27/turn    (no ring)
MPRegen 0.09/turn

%: acrobat
@: about to teleport
A: horns 2, retaliatory headbutt
a: no special abilities


You were on level 4 of the Dungeon.
You visited 1 branch of the dungeon, and saw 4 of its levels.

You collected 165 gold pieces.
You spent 144 gold pieces at shops.


Innate Abilities, Weirdness & Mutations

You have a pair of horns on your head.
You reflexively headbutt those who attack you in melee.


   Skills:
 - Level 4.3 Fighting
 + Level 6.6 Ranged Weapons
 - Level 1.9 Armour
 - Level 2.1 Dodging
 - Level 0.7 Stealth


You had 4 spell levels left.
You didn't know any spells.
Your spell library was empty.

Inventory:

Hand Weapons
 Y - a +0 heavy shortbow (weapon)
Armour
 a - a +0 pair of boots
 e - a +0 cloak (worn)
 i - a +0 ring mail (worn)
Jewellery
 j - a +5 ring of evasion (left hand)
 k - an amulet of the acrobat (around neck)
Scrolls
 b - 3 scrolls of teleportation
 f - a scroll of identify
Potions
 d - a potion of cancellation

Dungeon Overview and Level Annotations

Branches:
Dungeon (4/15)
 Temple: D:4-7

Altars:
Gozag

Shops:
D:3 *


Message History

The gnoll hits you from afar with a +0 spear.
The gnoll completely misses you.
The gnoll hits you from afar with a +0 spear.
The gnoll hits you from afar with a +0 halberd.
The gnoll bouda gazes fiercely through you!
You feel your attacks grow feeble.
You shoot an arrow. The arrow hits the gnoll bouda.
The gnoll bouda is moderately wounded.
The gnoll hits you from afar with a +0 spear.
The gnoll barely misses you. The gnoll closely misses you.
The gnoll hits you from afar with a +0 halberd!
The gnoll hits you from afar with a +0 spear.
The gnoll misses you. The gnoll hits you but does no damage.
You shoot an arrow. The arrow hits the gnoll bouda!
The gnoll bouda is severely wounded.
Your attacks no longer feel as feeble.
The gnoll closely misses you. The gnoll bouda misses you.
The gnoll closely misses you. The gnoll barely misses you.
The gnoll completely misses you.
The gnoll hits you from afar with a +0 halberd.
The gnoll bouda utters an invocation to its god.
The gnoll bouda is healed somewhat.
The gnoll misses you. The gnoll barely misses you.
You shoot an arrow.
The arrow closely misses the gnoll bouda.
The arrow hits the gnoll!
The gnoll is severely wounded.
You hear the slow rusting of a drain nearby.
The gnoll hits you from afar with a +0 spear.
The gnoll hits you but does no damage. The gnoll bouda barely misses you.
The gnoll closely misses you.
The gnoll hits you from afar with a +0 spear.
The gnoll closely misses you.
The gnoll hits you from afar with a +0 halberd.
The gnoll bouda hits you with a +0 whip!
2809 ||| READING 4 scrolls of teleportation.
As you read the scroll of teleportation, it crumbles to dust.
You feel strangely unstable.
The gnoll hits you from afar with a +0 spear.
You die...

#..... +.... #...#
###### #...#######....##
###### #...##...........
#.....##...##...........
#....g.#...#............
#...?gg@...+............
#....g)#...##...##....##
#....g.#...##...##....##
#......#....%.........##
#..:..##......###'###...
#..... #...##.#~~~~~#...
#.....##...##.#~~~~~#..>
#.....#.......#~~~~~# ..
#.:.....#~~~~~# .


You could see a gnoll bouda and 4 gnolls.

Vanquished Creatures
  2 orc priests (D:3)
  2 orc wizards (D:3)
  A gnoll (D:4)
  4 adders
  5 dart slugs
  4 orcs (D:3)
  5 ball pythons
  10 endoplasms
  A giant cockroach (D:3)
  4 hobgoblins
  2 jackals (D:2)
  5 bats
  3 frilled lizards
  5 goblins
  8 kobolds
  7 rats
68 creatures vanquished.

Notes
Turn   | Place    | Note
-------+----------+-------------------------------------------
     0 | D:1      | qw the Minotaur Hunter began the quest for the Orb.
     0 | D:1      | Reached XP level 1. HP: 18/18 MP: 0/0
     0 | D:1      | 0 ||| qw: Version: 0.2-a-119-g0488c42
     0 | D:1      | 0 ||| qw: Game counter: 2746
     0 | D:1      | 0 ||| qw: Always use a shield: true
     0 | D:1      | 0 ||| qw: God list: Okawaru
     0 | D:1      | 0 ||| qw: Allow faded altars: false
     0 | D:1      | 0 ||| qw: Do Orc after D:15 true
     0 | D:1      | 0 ||| qw: Do second Lair branch before Depths: true
     0 | D:1      | 0 ||| qw: Lair rune preference: random
     0 | D:1      | 0 ||| qw: Plans: Normal
     0 | D:1      | 0 ||| PLANNING D:1-11
   338 | D:1      | Reached XP level 2. HP: 25/25 MP: 1/1
   352 | D:1      | Found a faded altar of an unknown god.
   354 | D:1      | Reached skill level 5 in Ranged Weapons
   553 | D:1      | 553 ||| Stepping ~*~*~tactically~*~*~ (outnumbered).
   555 | D:1      | 555 ||| Stepping ~*~*~tactically~*~*~ (outnumbered).
   569 | D:1      | Reached skill level 3 in Fighting
   690 | D:1      | Reached XP level 3. HP: 28/31 MP: 2/2
   937 | D:1      | 937 ||| UPGRADING to +0 cloak.
   942 | D:1      | 942 ||| READING scroll labelled XYXZEI AREOF.
   943 | D:1      | 943 ||| READING scroll labelled UDWETWAEVE.
   944 | D:1      | 944 ||| READING scroll labelled CEUC CIETELI.
   945 | D:1      | 945 ||| DROPPING scroll of butterflies.
  1503 | D:2      | Reached XP level 4. HP: 38/38 MP: 3/3
  1634 | D:2      | 1634 ||| READING scroll labelled SAINOSY ITEAGIRI.
  1635 | D:2      | 1635 ||| READING 3 scrolls labelled XIMOFICS BAHA.
  1681 | D:3      | Reached skill level 6 in Ranged Weapons
  1688 | D:3      | Found an opulent altar of Gozag.
  1793 | D:3      | 1793 ||| Stepping ~*~*~tactically~*~*~ (outnumbered).
  1797 | D:3      | Reached skill level 1 in Armour
  1802 | D:3      | 1802 ||| FLEEEEING.
  1803 | D:3      | 1803 ||| FLEEEEING.
  1808 | D:3      | Reached XP level 5. HP: 33/46 MP: 4/4
  2002 | D:3      | Found Vowioqar's Assorted Antiques.
  2008 | D:3      | 2008 ||| BUYING glowing bone wand (72 gold).
  2008 | D:3      | Bought a glowing bone wand for 72 gold pieces
  2008 | D:3      | 2008 ||| BUYING ring mail (72 gold).
  2008 | D:3      | Bought a ring mail for 72 gold pieces
  2008 | D:3      | 2008 ||| SHOPLISTING viscous sapphire potion (16 gold, have
                  | 10).
  2623 | D:3      | 2623 ||| UPGRADING to +0 ring mail.
  2633 | D:3      | 2633 ||| DROPPING +0 leather armour.
  2634 | D:3      | 2634 ||| UPGRADING to amulet of the acrobat.
  2639 | D:3      | 2639 ||| UPGRADING to +5 ring of evasion.
  2640 | D:3      | 2640 ||| READING scroll labelled OGAOFEE MEFET.
  2641 | D:3      | 2641 ||| READING scroll labelled KAJOATI CYIW.
  2642 | D:3      | 2642 ||| READING scroll labelled JAMOISEUDI.
  2643 | D:3      | 2643 ||| READING 2 scrolls of identify.
  2643 | D:3      | 2643 ||| IDENTIFYING clear potion
  2644 | D:3      | 2644 ||| DROPPING wand of flame (12).
  2646 | D:3      | 2646 ||| Stepping ~*~*~tactically~*~*~ (cloud).
  2766 | D:4      | 2766 ||| PLANNING SEWER
  2802 | D:4      | 2802 ||| Stepping ~*~*~tactically~*~*~ (outnumbered).
  2808 | D:4      | HP: 11/47 [gnoll/+0 halberd[a gnoll bouda] (4)]
  2808 | D:4      | HP: 1/47 [gnoll bouda/+0 whip (10)]
  2809 | D:4      | 2809 ||| READING 4 scrolls of teleportation.
  2809 | D:4      | Slain by a gnoll

Levels and vault maps discovered:
D:1:      onia_arrival_mini_maze_b, layout_basic,
          hellmonk_ecumenical_altar_pennies_from_heaven
D:2:      layout_basic, kennysheep_generic_room_12
D:3:      layout_basic, nicolae_gozag_cash_rules_everything_around_me,
          serial_shops, shop_fountains
D:4:      layout_gridville, tso_altar, nicolae_overflow_crystal_walls,
          serial_rivers, chequers_serial_rivers_small_b,
          chequers_serial_rivers_small_3, chequers_serial_rivers_marsh,
          chequers_serial_rivers_micro_b, chequers_serial_rivers_room_b,
          chequers_serial_rivers_room_b, gup_sewer_entry_pipe

Skill      XL: |  1  2  3  4  5 |
---------------+----------------+-----
Ranged Weapons | 5 6 |  6.6
Fighting       | 3 4 |  4.3
Armour         | 1 |  1.9
Dodging        | |  2.1
Stealth        | |  0.7

Action                     |  1- 3 |  4- 6 || total
---------------------------+-------+-------++-------
   Fire: Shortbow          |   113 |    83 ||   196
    Use: Scroll            |     3 |     7 ||    10
 Armour: Leather armour    |    10 |    10 ||    20
         Ring mail         |       |     2 ||     2
  Dodge: Dodged            |    23 |    31 ||    54

Table legend:
 A = Non-vault XP
 B = Vault XP
 C = Vault XP percentage of total XP
 D = Non-vault monster count
 E = Vault monster count
 F = Vault count percentage of total count
                 A         B        C        D         E       F
            +---------+---------+-------+---------+---------+-------
      Total |     329 |       1 |   0.3 |      67 |       1 |   1.5
            +---------+---------+-------+---------+---------+-------
        D:1 |      50 |       1 |   2.0 |      28 |       1 |   3.4
        D:2 |      47 |       0 |   0.0 |      13 |       0 |   0.0
        D:3 |     211 |       0 |   0.0 |      22 |       0 |   0.0
        D:4 |      21 |       0 |   0.0 |       4 |       0 |   0.0
            +---------+---------+-------+---------+---------+-------
